 Dungeon Sprint DCSS version 0.27.1-34-g3ba077fa99 (webtiles) character file.

Game seed: 13026617534986254501

172 greenreed the Cleaver (level 5, -4/56 HPs)
             Began as a Minotaur Berserker on Jan 2, 2022.
             Was a Priest of Trog.
             Slain by a gnoll sergeant (10 damage)
             ... in the Dungeon (Sprint IX: "|||||||||||||||||||||||||||||").
             The game lasted 00:00:33 (32 turns).

greenreed the Cleaver (Minotaur Berserker)            Turns: 32, Time: 00:00:34

Health: -4/56      AC:  2    Str: 23    XL:     5   Next: 27%
Magic:  4/4        EV: 13    Int:  4    God:    Trog [***...]
Gold:   0          SH:  0    Dex:  9    Spells: 4/4 levels left

rFire    . . .     SeeInvis .   a - +0 hand axe
rCold    . . .     Faith    .   (no shield)
rNeg     . . .     Spirit   .   b - +0 animal skin
rPois    .         Reflect  .   (helmet restricted)
rElec    .         Harm     .   (no cloak)
rCorr    .         Rampage  .   (no gloves)
Will     ++...     NoTele   +   (no boots)
Stlth    +.........             (no amulet)
HPRegen  1.18/turn              (no ring)
MPRegen  0.09/turn              (no ring)

@: lethally poisoned (-4 -> -5), strong-willed, on berserk cooldown,
regenerating, slowed, very slow
A: horns 2, retaliatory headbutt
a: Renounce Religion, Berserk, Trog's Hand


You were in the Dungeon.
You worshipped Trog.
Trog was most pleased with you.
You visited 1 branch

Inventory:

Hand Weapons
 a - a +0 hand axe (weapon)
Armour
 b - a +0 animal skin (worn)
Scrolls
 h - a scroll of blinking
Potions
 c - a potion of curing
 d - a potion of heal wounds
 e - a potion of haste
 f - 2 potions of magic
 g - a potion of berserk rage


   Skills:
 + Level 8.7 Fighting
 + Level 9.1 Axes
 + Level 4.5 Armour
 + Level 4.6 Dodging


You had 4 spell levels left.
You didn't know any spells.
Your spell library was empty.

Dungeon Overview and Level Annotations

Branches:
Dungeon (1/1)

Altars:


Innate Abilities, Weirdness & Mutations

You have a pair of horns on your head.
You reflexively headbutt those who attack you in melee.


Message History

* * * LOW HITPOINT WARNING * * *
You slice the scorpion!!
You kill the scorpion!
Trog accepts your kill.
You feel sick.
Your Fighting skill increases to level 8!
Your Axes skill increases to level 9!
You have reached level 5!
You feel sick.
The gnoll sergeant hits you with a +0 spear.
* * * LOW HITPOINT WARNING * * *
There is an open door here.
Things that are here:
a scorpion corpse; a water moccasin corpse You slash the gnoll sergeant!
You headbutt the gnoll sergeant!
The gnoll sergeant is severely wounded.
You feel sick. The gnoll sergeant closely misses you. You furiously retaliate!
You headbutt the gnoll sergeant, but do no damage.
You hit the gnoll sergeant. You headbutt the gnoll sergeant.
The gnoll sergeant is almost dead.
You barely miss the gnoll sergeant.
The gnoll sergeant is almost dead.
You feel sick.
The gnoll sergeant completely misses you.
You completely miss the gnoll sergeant.
The gnoll sergeant is almost dead.
You are no longer berserk.
You are exhausted.
You feel yourself slow down.
You barely miss the gnoll sergeant.
You headbutt the gnoll sergeant, but do no damage.
The gnoll sergeant is almost dead.
You feel sick.
The gnoll sergeant hits you with a +0 spear.
* * * LOW HITPOINT WARNING * * *
You barely miss the gnoll sergeant.
The gnoll sergeant is almost dead.
You feel sick.
The gnoll sergeant hits you with a +0 spear!
You die... ▓▓▓▓▓▓▓▓▓▓▓▓▓▓▓▓▓▓ +..ZSg@...).†...<▓ ▓▓▓▓▓▓▓▓▓▓▓▓▓▓▓▓▓▓

You could see a gnoll sergeant, an adder and an adder skeleton.

Vanquished Creatures
  A water moccasin (D)
  A scorpion (D)
  An endoplasm (D)
  A giant cockroach (D)
  A goblin (D)
  A hobgoblin (D)
  A rat (D)
7 creatures vanquished.

Notes
Turn   | Place    | Note
-------+----------+-------------------------------------------
     0 | D        | greenreed the Minotaur Berserker began the quest for the
                  | Orb.
     0 | D        | Reached XP level 1. HP: 19/19 MP: 0/0
     5 | D        | Reached skill level 4 in Axes
     6 | D        | Reached ** piety under Trog
    16 | D        | Noticed a gnoll sergeant
    16 | D        | Noticed a scorpion
    16 | D        | Noticed a water moccasin
    21 | D        | Killed a water moccasin
    22 | D        | Reached skill level 8 in Axes
    22 | D        | Reached XP level 2. HP: 17/35 MP: 1/1
    22 | D        | Reached XP level 3. HP: 20/40 MP: 2/2
    22 | D        | Reached XP level 4. HP: 24/48 MP: 3/3
    25 | D        | Killed a scorpion
    25 | D        | Reached *** piety under Trog
    26 | D        | Reached skill level 9 in Axes
    26 | D        | Reached XP level 5. HP: 20/56 MP: 4/4
    32 | D        | Slain by a gnoll sergeant

Illustrated notes

Levels and vault maps discovered:
D:        linesprint [early_d, line_temple, items_1, d_10, items_2, lair_1,
          lair_end, items_3, orc_1, orc_end, items_4, d_15, swamp_1, shoals_1,
          snake_1, spider_1, d_20, vaults_1, items_5, swamp_end, shoals_end,
          snake_end, spider_end, vaults_end, d_27, items_6, zot_1, zot_end,
          crypt_end, forest_end, elf_end, slime_end, tomb_end, abyss_end,
          pan_hell_end]

Skill      XL: |  1  2  3  4 |
---------------+-------------+-----
Fighting       | 7 8 |  8.7
Axes           | 8 9 |  9.1
Armour         | 4 |  4.5
Dodging        | 4 |  4.6

Action                   |  1- 3 |  4- 6 || total
-------------------------+-------+-------++-------
Melee: Hand axe          |     7 |     9 ||    16
       Headbutt          |     2 |     3 ||     5
Invok: Berserk           |     1 |       ||     1
       Trog's Hand       |     1 |       ||     1
Dodge: Dodged            |     5 |     3 ||     8
